Unix NetHack Version 5.0.0-0 post-release - last build Jul 14 2026 02:55:29 (1809b74e8187c3a3585e283601c3028b46cbbdcb,branch:main).

Game began 2026-07-15 17:22:04, ended 2026-07-15 17:33:41.

Anarchos, lawful female dwarven Valkyrie

                                                                   --------
                                                                   |......|
                                                                  #+......|
                                                                  #|......|
                                                                  #--.-----
                                                                  ## #
                                                                   # #
                                                                   # #
                                                                   # )##&@
                                                                   #
                                                         ----------#
                                                         |.........#
                                                         |.....[..|
                                                         |......<.|
                                                         ----------

Anarchos the Skirmisher     St:18/01 Dx:11 Co:16 In:9 Wi:11 Ch:5  Lawful
Dlvl:4  $:25 HP:0(30) Pw:4(4) AC:6  Xp:3 T:850  Hungry  

Latest messages:
 The water demon shoots an arrow!
 You are almost hit by an arrow.
 The water demon shoots an arrow!
 You are hit by an arrow.
 What do you want to throw? [$bn or ?*] x
 In what direction? 4
 Crash!
 The water demon shoots an arrow!
 An arrow misses you.
 What do you want to throw? [$bn or ?*] g
 In what direction? 4
 Crash!
 You miss the water demon.
 The water demon swings his bow.
 The water demon hits!
 The water demon hits!
 The water demon bites!
 Are you sure you want to pray? [yn] (n) y
 You begin praying to Tyr.
 You are surrounded by a shimmering light.
 The water demon starts to attack you, but pulls back.
 The water demon starts to attack you, but pulls back.
 The water demon starts to attack you, but pulls back.
 You finish your prayer.
 You feel that Tyr is pleased.
 You feel much better.
 You miss the water demon.
 The water demon swings his bow.
 The water demon hits!
 The water demon hits!
 The water demon bites!
 What do you want to wield? [- abn or ?*] a
 You are already wielding that!
 You miss the water demon.
 The water demon swings his bow.
 The water demon hits!
 The water demon hits!
 The water demon bites!
 You miss the water demon.
 The water demon swings his bow.
 The water demon hits!
 The water demon hits!
 The water demon bites!
 You miss the water demon.
 The water demon swings his bow.
 The water demon hits!
 The water demon hits!
 You die...
 Do you want your possessions identified? [ynq] (y) y
 Do you want to see your attributes? [ynq] (y) q

Inventory:
 Coins    ('$')
  $ - 25 gold pieces
 Weapons  (')')
  b - a +0 dagger (alternate weapon; not wielded)
  a - a +2 dwarvish spear (weapon in right hand)
  n - a +0 spear
 Armor    ('[')
  v - an uncursed +0 shield of reflection
  c - an uncursed +3 small shield (being worn)
 Comestibles  ('%')
  u - an uncursed slime mold
  d - 4 uncursed food rations
  l - an uncursed lembas wafer
  y - an uncursed homemade tin of lichen
  A - an uncursed brown mold corpse
  B - an uncursed kobold corpse
  w - 2 uncursed sewer rat corpses
 Rings    ('=')
  s - an uncursed +1 ring of gain strength
 Wands    ('/')
  t - a wand of light (0:12)
 Gems/Stones  ('*')
  i - an uncursed jade stone
  f - an uncursed worthless piece of violet glass

Anarchos the Valkyrie's attributes:

Background:
 You were a Skirmisher, a level 3 dwarven Valkyrie.
 You were lawful, on a mission for Tyr
 who was opposed by Odin (neutral) and Loki (chaotic).
 You were right-handed.
 You were in the Dungeons of Doom, on level 4.
 You entered the dungeon 850 turns ago.
 There was a new moon in effect when your adventure ended.
 You had 42 experience points, 38 more were needed to attain level 4.

Basics:
 You had 0 out of 30 hit points.
 You had all 4 energy points (spell power).
 Your armor class was 6.
 Your wallet contained 25 zorkmids.
 Autopickup was on for all types.

Final Characteristics:
 Your strength was 18/01 (limit:18/100).
 Your dexterity was 11 (limit:20).
 Your constitution was 16 (limit:20).
 Your intelligence was 9 (limit:16).
 Your wisdom was 11 (limit:16).
 Your charisma was 5 (peak:9, limit:16).

Final Status:
 You were hungry.
 You were unencumbered.
 You were wielding a spear.
 You had basic skill with spear.

Final Attributes:
 You were fervently aligned.
 You were cold resistant.
 You had infravision.
 You were stealthy.
 You are dead.

Miscellaneous:
 You didn't encounter any bones levels.
 Total elapsed playing time was 11 minutes and 36 seconds.

Major events:
 Turn
    1: Anarchos the lawful dwarven Valkyrie entered the dungeon
  776: attained the rank of Skirmisher (level 3)
  850: killed by a water demon

You didn't know any spells.

Skills:
 Fighting Skills
   bare handed combat [Unskilled]
   two weapon combat  [Unskilled]
   riding             [Unskilled]
 Weapon Skills
   dagger             [Basic]
   axe                [Unskilled]
   pick-axe           [Unskilled]
   short sword        [Unskilled]
   broadsword         [Unskilled]
   long sword         [Unskilled]
   two-handed sword   [Unskilled]
   saber              [Unskilled]
   hammer             [Unskilled]
   quarterstaff       [Unskilled]
   polearms           [Unskilled]
   spear              [Basic]
   trident            [Unskilled]
   lance              [Unskilled]
   sling              [Unskilled]
 Spellcasting Skills
   attack spells      [Unskilled]
   escape spells      [Unskilled]

Voluntary challenges:
 Character rerolling was not enabled.
 You never genocided any monsters.
 You never polymorphed an object.
 You never changed form.
 You used no wishes.
Achievement:
 You attained the rank of Skirmisher.

 The Dungeons of Doom: levels 1 to 4
    Level 1:
    Level 2:
       A fountain, a sink.
    Level 3:
       A sink.
    Level 4: <- You were here.
       Final resting place for
          you, killed by a water demon.


Vanquished creatures:
  a shrieker
  a giant rat
  a brown mold
  3 jackals
  a fox
  2 sewer rats
  2 grid bugs
  3 lichens
  3 kobold zombies
17 creatures vanquished.

No species were genocided or became extinct.

Game over:
                       ----------
                      /          \
                     /    REST    \
                    /      IN      \
                   /     PEACE      \
                  /                  \
                  |     Anarchos     |
                  |      25 Au       |
                  |   killed by a    |
                  |   water demon    |
                  |                  |
                  |                  |
                  |       2026       |
                 *|     *  *  *      | *
        _________)/\\_//(\/(/\)/\//\/|_)_______

Farvel Anarchos the Valkyrie...

You died in The Dungeons of Doom on dungeon level 4 with 361 points,
and 25 pieces of gold, after 850 moves.
You were level 3 with a maximum of 30 hit points when you died.

